 Dungeon Crawl Stone Soup version 0.17.1-1-g73c8601 (webtiles) character file.

178 Flanowski the Sneak (level 5, -5/26 HPs)
             Began as a Vine Stalker Assassin on Jan 1, 2016.
             Killed from afar by an orc wizard (6 damage)
             ... with a magic dart
             ... on level 3 of the Dungeon.
             The game lasted 00:04:12 (1886 turns).

Flanowski the Sneak (Vine Stalker Assassin)         Turns: 1886, Time: 00:04:12

Health: -5/26      AC:  4    Str: 14    XL:     5   Next: 58%
Magic:  0/6        EV: 13    Int: 11    God:
Gold:   136        SH:  0    Dex: 16    Spells: 0 memorised, 4 levels left

rFire  . . .     SeeInvis .     q - +1 dagger (holy)
rCold  . . .     Clarity  .     c - +0 robe
rNeg   . . .     SustAt   .     (no shield)
rPois  .         Gourm    .     h - +0 helmet
rElec  .         Spirit   +     d - +0 cloak
rCorr  .         Warding  .     (no gloves)
rMut   .         Stasis   .     (no boots)
MR     .....                    (no amulet)
Stlth  +++.......               (no ring)
                                (no ring)

@: not resistant to hostile enchantments, fairly stealthy
A: fangs 2, regeneration 1, magic shield, antimagic bite, no device heal 3, rot
immunity
a: no special abilities


You were on level 3 of the Dungeon.
You were not hungry.

You visited 1 branch of the dungeon, and saw 3 of its levels.

You collected 136 gold pieces.

Inventory:

Hand Weapons
 a - a +2 dagger
 b - a +0 blowgun
 q - a +1 dagger of holy wrath (weapon)
Missiles
 e - 25 poisoned needles
 f - 2 curare-tipped needles
Armour
 c - a +0 robe (worn)
 d - a +0 cloak (worn)
 h - a +0 helmet (worn)
Scrolls
 i - 2 scrolls of identify {unknown}
 m - 2 scrolls of magic mapping {unknown}
 o - 2 scrolls of enchant armour {unknown}
 r - 4 scrolls of fog {unknown}
 u - a scroll of recharging {unknown}
 y - a scroll of amnesia {unknown}
Potions
 j - a potion of ambrosia {unknown}
 l - a potion of heal wounds {unknown}
 n - a potion of haste {unknown}
 p - 2 potions of flight {unknown}
 t - a potion of lignification {unknown}
 v - 3 potions of poison {unknown}
 w - 3 potions of agility {unknown}
 x - a potion of curing {unknown}
Books
 s - a book of Annihilations

   Spells                             Type                      Level
   a - Poison Arrow                   Conjuration/Poison           6
   b - Chain Lightning                Conjuration/Air              8
   c - Lehudib's Crystal Spear        Conjuration/Earth            8
   d - Glaciate                       Conjuration/Ice              9
   e - Fire Storm                     Conjuration/Fire             9
Comestibles
 g - 3 bread rations
 k - 3 beef jerkies
 z - a slice of pizza
 A - 2 chunks of flesh


   Skills:
 + Level 2.2 Fighting
 + Level 2.3 Short Blades
 - Level 1.7 Throwing
 * Level 2.5 Dodging
 + Level 6.7 Stealth


You had 4 spell levels left.
You didn't know any spells.

Dungeon Overview and Level Annotations

Branches:
Dungeon (3/15)

Altars:
Makhleb
Okawaru


Innate Abilities, Weirdness & Mutations

You have extremely sharp teeth.
Your natural rate of healing is unusually fast.
When hurt, damage is shared between your health and your magic reserves.
Your bite disrupts and absorbs the magic of your enemies.
Potions and wands cannot restore your health.
You are immune to rotting.


Message History

The orc wizard closely misses you.
You hit the orc.
You kill the orc!
The orc wizard closely misses you.
You closely miss the orc wizard. The orc wizard closely misses you.
You hit the orc wizard.
The orc wizard is lightly wounded.
The orc wizard casts a spell.
The orc wizard blinks!
The orc wizard casts a spell at you. The magic dart hits you!
* * * LOW HITPOINT WARNING * * *
The orc wizard casts a spell at you. The magic dart hits you!
* * * LOW HITPOINT WARNING * * *
The orc wizard casts a spell.
The orc wizard blinks!
The orc wizard points at you and mumbles some strange words.
The magic dart hits you!
You die...

...# #..........#
#.#########.######..#
#......†...........
#####(#####.####.##
#.# #.# ##.# #.# #..#
#o# #.## #.# #.# #@#
#.# #§# #.# #.#
#.####.#####.# #
#............##.#
#####....?...?..# #
#..#######o.# ## #..#
..# .## #..# ....


You could see an orc wizard.

Vanquished Creatures
  The ghost of DeXoteric the Gusty, an amateur TeAE (D:3)
  An orc wizard (D:3)
  2 adders (D:2)
  An ooze (D:1)
  2 worms
  3 giant geckos
  3 orcs (D:3)
  3 giant cockroaches
  8 hobgoblins
  3 kobolds
  A quokka (D:2)
  7 bats
  6 giant newts
  6 goblins
  4 rats
51 creatures vanquished.

Vanquished Creatures (others)
  A goblin (D:3)
1 creature vanquished.

Grand Total: 52 creatures vanquished

Notes
Turn   | Place    | Note
--------------------------------------------------------------
     0 | D:1      | Flanowski the Vine Stalker Assassin began the quest for the Orb.
     0 | D:1      | Reached XP level 1. HP: 11/11 MP: 2/2
    46 | D:1      | Found an iron altar of Okawaru.
   156 | D:1      | Reached skill level 5 in Stealth
   290 | D:1      | Reached XP level 2. HP: 12/15 MP: 3/3
   370 | D:1      | Reached skill level 1 in Dodging
   627 | D:2      | Reached XP level 3. HP: 18/18 MP: 4/4
   856 | D:2      | Found a burning altar of Makhleb.
   856 | D:2      | Noticed a cacodemon
   872 | D:2      | Noticed a ynoxinul
   872 | D:2      | Noticed a hellwing
  1130 | D:2      | Reached XP level 4. HP: 23/23 MP: 5/5
  1415 | D:3      | Reached skill level 6 in Stealth
  1456 | D:3      | Noticed DeXoteric's ghost (amateur TeAE)
  1560 | D:3      | Killed DeXoteric's ghost
  1560 | D:3      | Reached XP level 5. HP: 13/26 MP: 2/6
  1885 | D:3      | HP: 1/26 [orc wizard/magic dart (3)]
  1886 | D:3      | Killed from afar by an orc wizard

Action                   |  1- 3 |  4- 6 || total
-------------------------+-------+-------++-------
Melee: Dagger            |    85 |    79 ||   164
 Stab: Sleeping          |    16 |     4 ||    20
       Distracted        |     1 |       ||     1
  Eat: Chunk             |     1 |     2 ||     3
